Map: Abandoned Camp

Players

Birdy

  • Race: Terran Terran
  • Spawn Location: 5:00

TarValon

  • Race: Terran Terran
  • League: Platinum
  • Spawn Location: 3:00

Hammy

  • Race: Protoss Protoss
  • League: Platinum
  • Spawn Location: 3:00

Jasko - Winner!

  • Race: Terran Terran
  • Spawn Location: 9:00

Metasapien - Winner!

  • Race: Zerg Zerg
  • League: Platinum
  • Spawn Location: 11:00

HaYouDeadYet - Winner!

  • Race: Protoss Protoss
  • Spawn Location: 7:00

VOD

Have the link to the VOD?

Description

Time

  • Played on: Sept. 24, 2017, 1:48 a.m.
  • Length: 12:56
Show
View Real Time Build Order
Export as new Build Order

Birdy Terran 

Build Orders: Command Center First (CC), MMM Bio 

Get SALT Encoding   

  12  0:01  SCV  
  13  0:13  SCV  
  14  0:25  SCV  
  14  0:26  Supply Depot  
  15  0:47  SCV  
  16  0:59  SCV  
  16  1:03  Command Center  
  17  1:11  SCV  
  18  1:25  SCV  
  19  1:27  Barracks  
  19  1:35  Refinery  
  19  1:37  Refinery  
  19  1:48  Engineering Bay, SCV  
  21  2:01  Engineering Bay, SCV  
  21  2:15  SCV  
  22  2:23  Supply Depot, Marine  
  22  2:30  Orbital Command  
  22  2:40  Orbital Command  
  22  2:52  Supply Depot  
  22  3:00  Factory  
  22  3:03  SCV  
  23  3:07  Marine  
  23  3:11  SCV  
  25  3:19  Missile Turret  
  25  3:21  Terran Infantry Weapons Level 1  
  25  3:27  Terran Infantry Armor Level 1  
  25  3:31  SCV x2  
  27  3:46  SCV x2, Supply Depot  
  29  3:58  Armory  
  29  4:00  SCV x2  
  31  4:06  Missile Turret  
  31  4:17  SCV  
  31  4:22  Factory Reactor  
  31  4:23  Missile Turret  
  32  4:25  SCV  
  32  4:28  Refinery  
  32  4:30  Refinery  
  33  4:34  Barracks  
  33  4:38  SCV, Barracks  
  33  4:39  SCV  
  33  4:41  Marine  
  36  4:55  SCV x2  
  36  4:57  Supply Depot  
  38  5:05  Barracks  
  38  5:07  SCV x2  
  40  5:15  Barracks  
  40  5:19  SCV  
  40  5:20  Terran Infantry Weapons Level 2  
  40  5:21  Terran Infantry Armor Level 2  
  41  5:23  Barracks Tech Lab  
  41  5:24  Barracks Tech Lab  
  41  5:31  SCV  
  41  5:32  SCV  
  41  5:33  Supply Depot  
  43  5:37  Marine  
  44  5:43  SCV  
  44  5:44  SCV  
  44  5:45  Stimpack, Combat Shields  
  44  5:47  Marine x2  
  48  5:53  Widow Mine  
  48  5:54  Widow Mine  
  48  5:55  SCV  
  48  5:56  Starport  
  48  5:57  SCV  
  54  5:58  Barracks Reactor, Marine  
  54  6:03  Supply Depot  
  55  6:05  Marine x2  
  55  6:07  SCV  
  55  6:08  Marine  
  59  6:11  SCV  
  59  6:16  Marine  
  61  6:25  Command Center  
  60  6:33  Barracks Reactor, Barracks x2  
  60  6:34  Marine x2  
  62  6:47  Marine x2  
  62  6:51  Marine  
  65  7:03  Factory Tech Lab  
  65  7:05  Marine x3  
  65  7:07  Medivac  
  65  7:08  Medivac  
  72  7:14  Barracks Reactor  
  72  7:17  Supply Depot  
  72  7:19  Marine x3  
  72  7:20  Marine x2  
  78  7:22  SCV  
  78  7:23  SCV  
  79  7:37  Missile Turret  
  79  7:38  Orbital Command  
  79  7:42  Barracks Reactor x2  
  79  7:44  Terran Infantry Weapons Level 3  
  79  7:45  Terran Infantry Armor Level 3  
  79  7:48  Supply Depot  
  79  7:53  Medivac x2  
  79  7:58  Marine x4  
  83  7:59  Marine  
  83  8:03  Marine  
  83  8:04  Marine x2  
  90  8:16  Marine x5  
  94  8:21  Marine x2  
  94  8:22  Marine  
  94  8:23  Medivac x2  
  101  8:27  Supply Depot  
  101  8:28  Marine x2  
  101  8:29  Marine x2  
  101  8:34  Marine  
  83  8:44  Marine x4  
  83  8:45  Marine  
  87  8:49  Marine x3  
  87  8:50  Orbital Command  
  87  8:54  Marine  
  87  8:55  Marine  
  92  9:01  Marine x2  
  92  9:02  Marine x3  
  96  9:03  Medivac x2  
  97  9:13  Marine x4  
  97  9:14  Marine x3  
  101  9:19  Marine x2  
  101  9:20  Marine x3  
  100  9:31  Marine x5  
  94  9:32  Marine x2  
  94  9:33  Medivac  
  94  9:37  Marine x2  
  105  9:42  Marine x2  
  105  9:43  Marine  
  108  9:49  Marine x6  
  108  9:50  Marine  
  115  9:55  Marine x2  
  109  10:00  Marine x3  
  109  10:06  Marine  
  109  10:07  Marine x4  
  102  10:10  Siege Tank  
  102  10:24  Marine x2  
  102  10:33  Marine x2  
  102  10:34  Marine x2  
  72  12:37  Marine x2  
Show
View Real Time Build Order
Export as new Build Order

TarValon Terran 

Build Orders:  

Get SALT Encoding   

  12  0:01  SCV  
  13  0:20  SCV  
  14  0:26  Supply Depot  
  14  0:32  SCV  
  15  0:48  SCV  
  15  0:49  Barracks  
  16  0:57  Supply Depot  
  16  1:00  SCV  
  17  1:12  SCV  
  18  1:24  SCV  
  19  1:26  Refinery  
  19  1:29  Refinery  
  19  1:36  SCV  
  20  1:42  Marine  
  21  1:48  SCV  
  22  2:00  SCV  
  23  2:06  Command Center  
  23  2:07  Barracks Tech Lab  
  23  2:15  Barracks Tech Lab, SCV  
  24  2:21  Supply Depot  
  24  2:28  SCV  
  25  2:34  Factory  
  25  2:40  SCV  
  26  2:52  SCV  
  27  3:05  SCV  
  28  3:17  SCV  
  29  3:21  Factory Tech Lab, Starport  
  29  3:29  Starport, SCV  
  29  3:30  SCV  
  31  3:41  SCV  
  32  3:42  SCV  
  33  3:53  SCV  
  33  3:54  Factory Tech Lab, SCV  
  35  3:56  Starport  
  35  4:00  Refinery  
  35  4:03  Cloaking Field  
  35  4:05  SCV  
  35  4:06  SCV  
  37  4:17  SCV  
  37  4:18  SCV  
  39  4:29  SCV  
  39  4:30  SCV  
  41  4:37  Hyperflight Rotors  
  41  4:41  SCV  
  41  4:43  SCV  
  43  4:46  Refinery, Banshee  
  46  4:53  SCV  
  46  4:55  SCV  
  46  4:59  Banshee  
  51  5:05  SCV  
  52  5:07  SCV  
  52  5:08  Supply Depot  
  53  5:14  Supply Depot  
  53  5:20  Orbital Command  
  54  5:24  Orbital Command  
  53  5:29  Banshee x2  
  59  5:43  Supply Depot  
  59  5:46  Supply Depot  
  59  5:48  Armory  
  59  5:51  Armory  
  59  5:54  Banshee  
  62  5:57  SCV  
  63  6:15  Banshee x2  
  69  6:23  Supply Depot  
  69  6:25  Supply Depot  
  69  6:37  Banshee  
  72  6:50  Terran Ship Weapons Level 1  
  72  6:58  Banshee x2  
  78  7:02  Barracks  
  78  7:03  Barracks  
  78  7:07  Terran Vehicle And Ship Armor Level 1  
  78  7:11  Engineering Bay  
  78  7:13  Engineering Bay  
  78  7:14  Factory Tech Lab  
  78  7:16  Barracks Tech Lab  
  75  7:50  Barracks  
  75  7:51  Barracks  
  66  8:12  Combat Shields  
  66  8:18  Marine x3  
  69  8:22  Terran Infantry Armor Level 1, Terran Infantry Weapons Level 1  
  69  8:26  Viking x3  
  75  8:33  Supply Depot  
  75  8:34  Supply Depot  
  75  8:36  Marine x3  
  75  8:39  Barracks  
  78  8:41  Barracks  
  78  8:54  Marine x3  
  71  8:56  Viking x2  
  61  9:12  Marine x3  
  49  9:19  Marine x2  
  43  9:29  Marine x2  
  45  9:37  Marine x2  
  28  9:42  SCV  
  21  9:47  Marine x2  
  21  9:54  SCV, Viking  
  21  9:55  Marine x2  
  21  9:59  Widow Mine  
  28  10:05  Marine x2  
  28  10:07  SCV  
  31  10:13  Marine x2  
  33  10:19  SCV  
  25  10:23  Marine x2  
  25  10:24  Viking, Marine  
  21  10:31  SCV, Marine x2  
  15  10:43  SCV  
  13  10:54  Viking  
Show
View Real Time Build Order
Export as new Build Order

Hammy Protoss 

Build Orders: Cannon Rush 

Get SALT Encoding   

  12  0:01  Probe (Chrono Boost)  
  13  0:11  Probe (Chrono Boost)  
  14  0:28  Pylon  
  14  0:30  Probe (Chrono Boost)  
  15  0:46  Probe (Chrono Boost)  
  15  0:47  Forge  
  17  0:57  Probe (Chrono Boost)  
  17  1:02  Gateway  
  17  1:07  Probe (Chrono Boost)  
  18  1:18  Probe (Chrono Boost)  
  19  1:23  Photon Cannon  
  19  1:25  Photon Cannon  
  19  1:35  Photon Cannon  
  19  1:44  Probe (Chrono Boost)  
  20  2:05  Nexus  
  20  2:09  Assimilator  
  20  2:20  Cybernetics Core  
  20  2:24  Pylon  
  20  2:27  Probe (Chrono Boost)  
  21  2:38  Probe (Chrono Boost)  
  21  2:40  Assimilator  
  22  2:48  Probe (Chrono Boost)  
  22  2:49  Assimilator  
  23  2:54  Assimilator  
  23  3:05  Warp Gate  
  23  3:09  Probe (Chrono Boost)  
  25  3:20  Probe (Chrono Boost)  
  25  3:23  Pylon  
  25  3:25  Probe (Chrono Boost)  
  26  3:30  Probe (Chrono Boost)  
  27  3:36  Probe (Chrono Boost)  
  27  3:41  Probe (Chrono Boost)  
  29  3:46  Probe (Chrono Boost)  
  29  3:47  Robotics Facility  
  30  3:49  Stargate  
  30  3:53  Pylon  
  30  3:57  Probe (Chrono Boost)  
  31  4:04  Protoss Ground Weapons Level 1  
  31  4:05  Probe (Chrono Boost)  
  32  4:14  Pylon  
  32  4:18  Mothership Core (Chrono Boost)  
  34  4:25  Probe (Chrono Boost)  
  35  4:34  Observer (Chrono Boost)  
  35  4:37  Phoenix  
  35  4:38  Probe  
  38  4:44  Pylon  
  39  4:46  Probe  
  40  4:57  Gateway  
  40  4:59  Gateway  
  40  5:03  Probe  
  40  5:04  Probe  
  42  5:09  Zealot  
  44  5:24  Phoenix (Chrono Boost)  
  46  5:43  Immortal  
  49  6:26  Probe, Robotics Bay  
  49  6:28  Probe, Robotics Facility  
  49  6:29  Robotics Facility  
  51  6:36  Immortal  
  51  6:37  Probe  
  56  6:40  Probe, Zealot x3  
  63  6:47  Probe  
  63  6:49  Nexus  
  63  6:52  Probe  
  65  6:58  Pylon  
  65  6:59  Pylon  
  65  7:01  Zealot  
  65  7:02  Zealot x2  
  65  7:06  Probe  
  72  7:08  Pylon  
  72  7:10  Colossus  
  72  7:13  Pylon  
  72  7:19  Extended Thermal Lance (Chrono Boost)  
  78  7:37  Colossus  
  78  7:42  Colossus  
  90  7:56  Colossus  
  96  8:08  Phoenix  
  98  8:20  Probe  
  98  8:21  Probe x2  
  98  8:25  Assimilator  
  101  8:29  Assimilator  
  101  8:31  Observer  
  101  8:33  Probe, Photon Cannon  
  103  8:35  Stalker x2  
  103  8:36  Photon Cannon, Stalker  
  105  9:02  Stalker x3  
  109  9:19  Void Ray  
  109  9:24  Gateway  
  113  9:27  Gateway  
  113  9:29  Gateway  
  113  9:30  Pylon  
  109  9:31  Pylon  
  109  10:00  Stalker x3  
  93  10:39  Stalker  
  93  10:40  Stalker x2  
  91  10:50  Robotics Bay  
  91  11:04  Stalker x4  
  91  11:05  Stalker  
  66  11:34  Stalker x5  
  66  11:57  Stalker  
  66  11:58  Stalker x4  
  47  12:17  Zealot  
  47  12:22  Zealot x2  
  51  12:23  Zealot x2  
  68  12:51  Zealot x3  
Show
View Real Time Build Order
Export as new Build Order

Jasko Terran - Winner!

Build Orders: Bio Tank 

Get SALT Encoding   

  12  0:01  SCV  
  13  0:13  SCV  
  14  0:21  Supply Depot  
  14  0:26  Refinery  
  14  0:29  SCV  
  15  0:49  SCV  
  16  0:52  Barracks  
  16  1:01  Barracks  
  16  1:03  SCV  
  17  1:20  SCV  
  18  1:32  SCV  
  19  1:36  Supply Depot  
  19  1:40  Marine  
  19  1:44  SCV  
  21  1:49  Barracks Reactor  
  21  1:56  SCV  
  22  2:04  Marine  
  23  2:12  Factory  
  23  2:23  Marine  
  23  2:27  Command Center  
  24  2:31  Marine  
  25  2:43  Orbital Command  
  25  2:48  Supply Depot  
  25  2:54  Marine  
  25  2:57  Factory Tech Lab  
  26  3:05  Marine x2  
  28  3:17  Engineering Bay  
  28  3:19  Siege Tank  
  31  3:24  Barracks Tech Lab  
  31  3:27  Marine  
  31  3:31  SCV  
  33  3:40  SCV  
  34  3:43  SCV, Marine  
  34  3:47  Refinery  
  36  3:50  Missile Turret  
  36  3:52  SCV  
  36  3:55  Missile Turret, SCV  
  38  4:04  SCV  
  38  4:07  SCV  
  40  4:13  Siege Tank  
  40  4:16  SCV  
  44  4:19  SCV  
  45  4:26  Marine x2  
  45  4:28  SCV  
  45  4:29  Stimpack  
  48  4:32  SCV  
  49  4:40  Orbital Command  
  49  4:45  Refinery  
  49  4:46  Marine x2  
  51  4:53  Siege Tank  
  54  5:11  Barracks  
  54  5:18  Starport  
  54  5:28  Supply Depot x2  
  54  5:35  Terran Infantry Weapons Level 1  
  54  5:37  SCV x2, Marine  
  54  5:38  Supply Depot  
  54  5:40  Siege Tank  
  60  5:49  SCV  
  61  5:51  SCV  
  61  5:55  Refinery  
  62  5:57  Marine x2  
  62  5:59  Starport Reactor  
  62  6:01  SCV, Supply Depot  
  62  6:03  SCV  
  66  6:06  Barracks Reactor  
  66  6:10  Barracks  
  66  6:13  SCV  
  66  6:15  SCV  
  68  6:19  Marine x2  
  68  6:24  Siege Tank  
  74  6:25  SCV  
  74  6:27  SCV  
  75  6:37  SCV  
  75  6:39  SCV  
  77  6:42  Medivac x2  
  81  6:48  Supply Depot  
  81  6:49  SCV, Marine x2  
  81  6:50  Supply Depot  
  81  6:51  Combat Shields  
  81  6:54  SCV  
  85  7:00  Barracks Reactor  
  85  7:02  SCV  
  85  7:06  Factory  
  86  7:15  Marine  
  86  7:16  Marine x3  
  90  7:29  Marine  
  91  7:33  Siege Tank, Marine x3  
  91  7:34  Marine  
  98  8:08  Marine x4  
  98  8:09  Marine x3  
  105  8:17  Siege Tank  
  105  8:18  Medivac  
  110  8:25  Medivac  
  110  8:26  Supply Depot, Marine x3  
  115  8:27  Supply Depot  
  97  8:43  Marine x4  
  97  8:44  Marine x3  
  104  8:49  Siege Tank  
  94  9:11  Marine x2  
  94  9:12  Marine x5  
  101  9:21  Siege Tank  
  102  9:29  Marine  
  83  9:36  Factory Tech Lab  
  80  9:39  Marine x6  
  80  9:43  Medivac  
  80  9:44  Medivac  
  90  9:47  Marine  
  91  9:53  Siege Tank  
  91  9:56  Marine x2  
  91  9:57  Marine x2  
  98  10:07  Marine x3  
  98  10:09  Siege Tank  
  98  10:11  Supply Depot  
  98  10:13  Medivac  
  98  10:14  Medivac  
  108  10:16  Marine x3  
  108  10:17  Marine  
  108  10:20  Terran Infantry Armor Level 1  
  112  10:25  Siege Tank, Marine x3  
  118  10:41  Siege Tank  
  121  10:56  Marine x6  
  121  10:57  Siege Tank, Marine  
  130  11:13  Siege Tank, Marine  
  130  11:14  Marine  
  130  11:15  Marine x5  
  137  11:18  Medivac  
  130  11:29  Siege Tank  
  121  11:35  Marine x4  
  121  11:42  Marine  
  121  11:43  Marine x2  
  121  11:45  Siege Tank  
  119  11:50  Medivac  
  119  11:52  Marine  
  119  11:53  Marine x2  
  124  12:02  Siege Tank  
  108  12:17  Siege Tank  
  108  12:19  Marine x3  
  108  12:20  Marine x4  
  118  12:37  Marine x4  
Show
View Real Time Build Order
Export as new Build Order

Metasapien Zerg - Winner!

Build Orders: Hatch First 

Get SALT Encoding   

  12  0:32  Drone  
  13  0:37  Hatchery  
  13  0:38  Drone  
  13  0:46  Overlord  
  13  0:54  Drone  
  14  1:02  Drone, Extractor  
  14  1:07  Drone  
  15  1:21  Spawning Pool  
  15  1:22  Drone  
  15  1:30  Drone  
  16  1:40  Drone  
  17  1:51  Drone  
  17  1:53  Drone  
  19  2:07  Hatchery  
  18  2:09  Drone  
  19  2:24  Drone x2  
  19  2:25  Queen  
  19  2:28  Overlord  
  23  2:32  Drone  
  23  2:34  Drone  
  25  2:46  Metabolic Boost  
  25  2:47  Drone x2  
  25  2:50  Drone x2  
  29  2:56  Queen  
  31  3:00  Overlord  
  32  3:05  Drone  
  32  3:08  Spine Crawler  
  31  3:16  Drone x2  
  31  3:17  Extractor  
  32  3:20  Queen  
  32  3:21  Drone  
  32  3:23  Overlord  
  35  3:29  Extractor  
  35  3:31  Spore Crawler  
  33  3:34  Pneumatized Carapace  
  33  3:40  Zergling x4  
  33  3:41  Zergling x4  
  37  3:44  Drone x2  
  37  3:47  Overlord  
  39  3:53  Overlord  
  39  4:11  Drone x2  
  39  4:13  Drone  
  39  4:14  Drone  
  39  4:16  Lair  
  43  4:19  Roach Warren  
  43  4:20  Drone  
  43  4:21  Drone  
  43  4:22  Drone x4  
  43  4:24  Drone  
  49  4:25  Drone  
  49  4:28  Drone  
  51  4:31  Extractor  
  51  4:35  Overlord  
  51  4:36  Overlord  
  50  4:39  Overlord  
  50  4:44  Drone  
  50  4:45  Drone x2  
  53  4:51  Drone  
  54  4:53  Drone x2  
  54  4:56  Drone  
  54  4:59  Roach  
  59  5:00  Roach x2  
  59  5:02  Roach  
  59  5:06  Drone  
  66  5:08  Overlord  
  66  5:11  Drone x3  
  69  5:20  Drone x3  
  72  5:23  Extractor x2  
  70  5:31  Spore Crawler  
  69  5:38  Overseer x2  
  69  5:43  Roach x5  
  69  5:48  Spore Crawler  
  69  5:49  Spore Crawler  
  77  5:51  Glial Reconstitution  
  77  5:53  Drone x2, Hatchery  
  77  5:54  Drone x2  
  77  5:55  Spore Crawler  
  77  5:57  Drone x2, Spore Crawler  
  78  5:58  Overlord  
  78  5:59  Overlord  
  78  6:04  Overlord  
  80  6:14  Queen  
  80  6:16  Overlord  
  82  6:20  Drone x2  
  82  6:22  Drone x3  
  87  6:30  Infestation Pit  
  87  6:32  Roach x4  
  94  6:36  Queen  
  96  6:45  Drone x3, Evolution Chamber  
  98  6:57  Hydralisk Den  
  97  7:02  Drone  
  97  7:04  Drone  
  99  7:16  Pathogen Glands  
  99  7:17  Swarm Host  
  99  7:18  Swarm Host x2  
  123  7:24  Overlord x2  
  123  7:25  Overlord  
  123  7:27  Burrow  
  122  7:43  Hatchery  
  111  7:50  Spore Crawler x3  
  106  8:05  Hydralisk x5  
  98  8:06  Hydralisk x6  
  98  8:07  Hydralisk x2  
  124  8:22  Hatchery  
  123  8:30  Hydralisk x3  
  129  8:47  Hydralisk x12  
  129  8:52  Roach x12, Zerg Missile Weapons Level 1  
  129  8:56  Muscular Augments  
  129  9:20  Ravager x3  
  132  9:24  Hydralisk x3  
  132  9:25  Roach x4, Hydralisk  
  132  9:26  Overlord x2, Roach  
  150  9:35  Overlord x2  
  149  9:43  Hydralisk  
  149  9:44  Roach, Hydralisk  
  132  10:18  Drone x3, Queen  
  137  10:26  Drone x3  
  137  10:27  Queen  
  122  10:37  Drone x3  
  122  10:38  Drone x2  
  122  10:39  Drone  
  122  10:40  Drone  
  122  10:41  Drone  
  107  10:44  Extractor  
  107  10:46  Extractor  
  103  10:56  Hydralisk x7  
  102  10:59  Zergling x2  
  91  11:18  Zergling x2, Hydralisk x2  
  92  11:32  Hydralisk  
  96  11:33  Overlord x3, Roach  
  96  11:34  Overlord x2  
  96  11:39  Hydralisk x3  
  95  11:49  Overlord  
  95  11:51  Hydralisk  
  95  11:52  Roach x2, Hydralisk x2  
  95  11:53  Roach  
  107  11:54  Roach  
  105  12:10  Overseer  
  105  12:13  Overseer  
  105  12:15  Drone, Infestor x3  
  108  12:16  Infestor x2  
  112  12:30  Hydralisk x2  
  112  12:31  Roach x4  
Show
View Real Time Build Order
Export as new Build Order

HaYouDeadYet Protoss - Winner!

Build Orders: Nexus First 

Get SALT Encoding   

  12  0:02  Probe (Chrono Boost)  
  13  0:13  Probe (Chrono Boost)  
  14  0:23  Probe (Chrono Boost)  
  15  0:34  Pylon  
  15  0:53  Probe (Chrono Boost)  
  16  0:59  Nexus  
  16  1:04  Probe (Chrono Boost)  
  17  1:22  Forge  
  18  1:25  Probe (Chrono Boost)  
  18  1:36  Probe (Chrono Boost)  
  19  1:46  Probe (Chrono Boost)  
  20  1:57  Probe (Chrono Boost)  
  20  1:59  Photon Cannon  
  21  2:07  Probe (Chrono Boost)  
  22  2:13  Probe (Chrono Boost)  
  23  2:18  Probe (Chrono Boost)  
  23  2:20  Assimilator  
  24  2:23  Probe (Chrono Boost)  
  24  2:29  Probe (Chrono Boost)  
  26  2:32  Gateway  
  26  2:34  Probe (Chrono Boost)  
  27  2:37  Pylon  
  27  2:39  Probe (Chrono Boost)  
  28  2:44  Probe (Chrono Boost)  
  28  2:50  Probe (Chrono Boost)  
  30  2:52  Assimilator  
  30  2:55  Probe (Chrono Boost)  
  30  2:57  Pylon  
  31  3:00  Probe (Chrono Boost)  
  33  3:05  Probe (Chrono Boost)  
  33  3:11  Probe (Chrono Boost)  
  34  3:16  Probe (Chrono Boost)  
  35  3:21  Probe (Chrono Boost)  
  35  3:26  Probe (Chrono Boost)  
  37  3:37  Probe (Chrono Boost), Photon Cannon  
  38  3:41  Cybernetics Core  
  38  3:47  Probe (Chrono Boost)  
  39  3:53  Assimilator  
  39  3:57  Assimilator  
  39  3:58  Probe (Chrono Boost)  
  39  4:00  Pylon  
  39  4:01  Pylon  
  40  4:05  Photon Cannon  
  40  4:06  Photon Cannon  
  40  4:09  Probe (Chrono Boost)  
  40  4:19  Pylon  
  40  4:26  Stargate  
  40  4:27  Stargate  
  40  4:33  Stargate  
  40  4:39  Photon Cannon  
  40  4:45  Photon Cannon  
  40  4:57  Probe (Chrono Boost)  
  41  5:08  Probe (Chrono Boost)  
  41  5:10  Void Ray  
  46  5:16  Protoss Air Weapons Level 1 (Chrono Boost)  
  46  5:19  Probe (Chrono Boost)  
  47  5:25  Nexus  
  47  5:27  Pylon  
  47  5:28  Pylon  
  47  5:31  Assimilator  
  47  5:33  Void Ray x2  
  55  5:48  Photon Cannon  
  55  5:52  Photon Cannon  
  55  5:55  Photon Cannon  
  55  6:00  Void Ray, Pylon  
  59  6:11  Void Ray  
  63  6:31  Probe x2  
  65  6:35  Void Ray (Chrono Boost)  
  69  6:40  Void Ray (Chrono Boost)  
  69  6:43  Probe  
  69  6:44  Probe  
  75  6:55  Probe  
  75  6:56  Probe  
  75  6:57  Void Ray (Chrono Boost)  
  81  7:02  Protoss Air Armor Level 1 (Chrono Boost)  
  81  7:06  Probe  
  81  7:08  Probe  
  83  7:13  Void Ray (Chrono Boost)  
  83  7:17  Probe  
  88  7:28  Probe  
  89  7:38  Probe  
  90  7:55  Void Ray x2 (Chrono Boost)  
  102  8:00  Void Ray (Chrono Boost)  
  48  10:36  Nexus  
  48  10:40  Pylon  
  48  10:41  Pylon  
  48  10:42  Pylon  
  48  10:43  Pylon  
  48  10:52  Gateway x2  
  48  10:55  Gateway  
  44  11:17  Gateway x2  
  44  11:19  Gateway  
  44  11:21  Gateway  
  44  11:50  Cybernetics Core  
  44  11:55  Assimilator  
  36  12:10  Zealot x4  
  36  12:11  Zealot x3  
  50  12:20  Gateway  
  50  12:22  Gateway  
  50  12:24  Gateway  
  50  12:28  Pylon  
  50  12:29  Pylon  
  50  12:31  Pylon  
  50  12:41  Twilight Council  
Tags
 
Add a new tag
Caveats
  • Supply blocks, unpowered buildings, or Contaminate may cause inaccurate times.
  • Supply counts are checked every 10 seconds.